 Dungeon Crawl Stone Soup version 0.19.1 (webtiles) character file.

223 HAWKINGL3623 the Poker (level 6, -6/47 HPs)
             Began as a Merfolk Gladiator on Nov 30, 2016.
             Killed from afar by an orc wizard (8 damage)
             ... with a puff of flame
             ... on level 3 of the Dungeon.
             The game lasted 00:10:36 (2973 turns).

HAWKINGL3623 the Poker (Merfolk Gladiator)          Turns: 2973, Time: 00:10:37

Health: -6/47      AC:  5    Str: 16    XL:     6   Next: 0%
Magic:  6/6        EV: 15    Int:  7    God:
Gold:   119        SH:  0    Dex: 16    Spells: 0 memorised, 5 levels left

rFire  . . .     SeeInvis .     a - +0 trident
rCold  . . .     Gourm    .     b - +1 leather armour
rNeg   . . .     Faith    .     (no shield)
rPois  .         Spirit   .     c - +0 helmet
rElec  .         Reflect  .     (no cloak)
rCorr  .         Harm     .     (no gloves)
MR     +....                    (no boots)
Stlth  +.........               (no amulet)
                                (no ring)
                                i - ring of protection from magic

@: no status effects
A: change form in water, swift swim, stealthy swim
a: no special abilities


You were on level 3 of the Dungeon.
You were not hungry.

You visited 1 branch of the dungeon, and saw 5 of its levels.

You collected 119 gold pieces.

Inventory:

Hand Weapons
 a - a +0 trident (weapon)
Missiles
 e - 52 stones (quivered)
Armour
 b - a +1 leather armour (worn)
 c - a +0 helmet (worn)
Jewellery
 i - a ring of protection from magic (left hand)
Scrolls
 g - 5 scrolls of identify
Potions
 d - a potion of brilliance
 h - a potion of cure mutation
Comestibles
 f - 2 bread rations
 k - a slice of pizza


   Skills:
 + Level 3.2 Fighting
 + Level 7.3 Polearms
 + Level 2.2 Throwing
 + Level 1.2 Armour
 + Level 4.9 Dodging
 + Level 0.5 Stealth


You had 5 spell levels left.
You didn't know any spells.

Dungeon Overview and Level Annotations

Branches:
Dungeon (5/15)
 Temple: D:4-7

Altars:
Yredelemnul

Annotations:
D:2 Sigmund


Message History

The hound bites you but does no damage. x2
Attack whom?
Press: ? - help, Dir - move target cursor, f - orc wizard
Aim: an orc wizard, wielding a dagger and wearing a robe (moderately wounded)
The hound is in the way.
You closely miss the hound.
The hound is heavily wounded.
The hound bites you.
* * * LOW HITPOINT WARNING * * *
You puncture the hound!
The hound is almost dead.
The hound bites you but does no damage. The hound completely misses you.
You hit the hound.
You kill the hound!
You have reached level 6!
Your experience leads to an increase in your attributes!
Increase (S)trength, (I)ntelligence, or (D)exterity?
You feel stronger.
The orc wizard points at you and mumbles some strange words.
The puff of flame hits you!
You die...

#.......# #..##### #.......#
##..# ###.###.... ....# #.#
#.######...# #.# #.#....#...#
###.###.#.##.#...#####
##.....................
#########....###.#......<.#####
#.........>.o†@..............#
##.######....###..........##.##
##.###[##....# ######.#####....
#......#####.# #.# #...#
######.# ###.#### #.# #.#.# #.#
#......#####.# #.#.# #.#
#.#......(...# #.... #.#
#.####.###########.#.# #.# #.#
#................


You could see an orc wizard.

Vanquished Creatures
  A hound (D:3)
  An orc priest (D:3)
  7 gnolls
  2 adders (D:2)
  An ooze (D:3)
  2 worms
  2 leopard geckos
  4 orcs (D:3)
  7 giant cockroaches
  6 goblins
  6 hobgoblins
  4 jackals (D:3)
  A quokka (D:2)
  5 bats
  3 frilled lizards
  3 kobolds
  12 rats
67 creatures vanquished.

Notes
Turn   | Place    | Note
-------+----------+-------------------------------------------
     0 | D:1      | HAWKINGL3623 the Merfolk Gladiator began the quest for the Orb.
     0 | D:1      | Reached XP level 1. HP: 16/16 MP: 1/1
    95 | D:1      | Reached XP level 2. HP: 23/23 MP: 2/2
   208 | D:1      | Reached skill level 5 in Polearms
   528 | D:2      | Reached XP level 3. HP: 28/28 MP: 3/3
   553 | D:2      | Reached skill level 6 in Polearms
   553 | D:2      | Reached XP level 4. HP: 17/34 MP: 4/4
  1373 | D:2      | Noticed Sigmund
  1835 | D:2      | Gained mutation: You evolve. [potion of mutation]
  1835 | D:2      | Gained mutation: You are agile. (Dex +2) [potion of mutation]
  1835 | D:2      | Gained mutation: You possess an exceptional clarity of mind. [potion of mutation]
  1849 | D:2      | Found a basalt altar of Yredelemnul.
  2057 | D:3      | Reached XP level 5. HP: 41/41 MP: 5/5
  2401 | D:3      | Reached skill level 7 in Polearms
  2449 | D:3      | Lost mutation: You evolve. [potion of cure mutation]
  2449 | D:3      | Lost mutation: You possess an exceptional clarity of mind. [potion of cure mutation]
  2449 | D:3      | Lost mutation: You are agile. (Dex +2) [potion of cure mutation]
  2741 | D:3      | Reached skill level 1 in Armour
  2807 | D:3      | You fall through a shaft for 2 floors!
  2807 | D:5      | Entered Level 5 of the Dungeon
  2816 | D:5      | Noticed an ogre
  2822 | D:5      | Noticed an ogre
  2971 | D:3      | HP: 1/41 [hound (4)]
  2973 | D:3      | Reached XP level 6. HP: 2/47 MP: 6/6
  2973 | D:3      | Killed from afar by an orc wizard

Skill      XL: |  1  2  3  4  5 |
---------------+----------------+-----
Polearms       | 5 6 7 |  7.3
Fighting       | 3 |  3.2
Armour         | 1 |  1.2
Throwing       | |  2.2
Dodging        | |  4.9
Stealth        | |  0.5

Action                   |  1- 3 |  4- 6 || total
-------------------------+-------+-------++-------
Melee: Trident           |    74 |   164 ||   238
Throw: Stone             |     9 |    17 ||    26
       Throwing net      |     1 |     4 ||     5
  Use: Scroll            |     3 |     2 ||     5
       Potion            |     2 |     4 ||     6
 Stab: Distracted        |       |     1 ||     1
       Sleeping          |       |     1 ||     1
  Eat: Chunk             |       |     7 ||     7
Armor: Leather armour    |    16 |    43 ||    59
Dodge: Dodged            |    42 |   120 ||   162
